 Dungeon Crawl Stone Soup version 0.30-a0-223-gcb0039aa0c (webtiles) character file.

Game seed: 16526284821965583090

606994 Lobster4 the Petrodigitator (level 27, -6/152 HPs)
             Began as a Gargoyle Earth Elementalist on Oct 8, 2022.
             Was the Champion of Vehumet.
             Killed from afar by a yellow draconian (33 damage)
             ... with a glob of acid
             ... led by a purple draconian shifter
             ... on level 4 of the Realm of Zot on Oct 9, 2022.
             The game lasted 06:48:28 (103343 turns).

Lobster4 the Petrodigitator (GrEE)                Turns: 103343, Time: 06:48:28

Health: -6/152     AC: 48    Str: 16    XL:     27
Magic:  29/59      EV: 16    Int: 34    God:    Vehumet [******]
Gold:   10753      SH: 14    Dex: 19    Spells: 22/72 levels left

rFire   + + +      SeeInvis +    j - staff of earth
rCold   + + .      Faith    .    d - +2 buckler {AC+3}
rNeg    + + .      Spirit   .    K - +2 ring mail of Lidimpi {rElec rF+++ Will++ Int-5}
rPois   ∞          Reflect  +    p - +1 helmet
rElec   +          Harm     .    O - +2 cloak
rCorr   .          Rampage  .    s - +2 pair of gloves {Str+3}
Will    ++++.                    h - +1 pair of boots "Sucenite" {Str-4 Int+5 Dex+3 Stlth+}
Stlth   ++++++....               T - amulet "Xiteaq" {Reflect Drain rC++ Int+7 SH+5}
HPRegen 0.45/turn                l - ring of see invisible
MPRegen 0.36/turn                N - ring of Odua {rF+ rN+ MP+9 Str+2 Dex+6}

@: flying, studying Stealth
A: sickness immunity, AC +20, big wings, negative energy resistance 1,
electricity resistance, torment resistance 1, petrification resistance
}: 3/15 runes: decaying, serpentine, silver
a: Renounce Religion


You were on level 4 of the Realm of Zot.
You worshipped Vehumet.
Vehumet was exalted by your worship.
You visited 12 branches of the dungeon, and saw 51 of its levels.
You visited 1 bazaar.
You also visited: Trove, Sewer, Bailey, Ice Cave and Wizlab.

You collected 12740 gold pieces.
You spent 1987 gold pieces at shops.

Inventory:

Hand Weapons
 a - the +9 mace "Plog" {vamp, rC++ rCorr Str+3 Dex-5}
   (You took it off a deep elf death mage on level 3 of the Elven Halls)

   It occasionally heals its wielder for a portion of the damage dealt when it
   wounds a living foe.
   Str:       It affects your strength (+3).
   Dex:       It affects your dexterity (-5).
   rC:        It greatly protects you from cold.
   rCorr:     It protects you from acid and corrosion.
 b - a +3 vorpal hand crossbow
Armour
 d - a +2 buckler of protection (worn)
 h - the +1 pair of boots "Sucenite" (worn) {Str-4 Int+5 Dex+3 Stlth+}
   (You found it on level 3 of the Elven Halls)

   Str:       It affects your strength (-4).
   Int:       It affects your intelligence (+5).
   Dex:       It affects your dexterity (+3).
   Stlth:     It makes you more stealthy.
 p - a +1 helmet (worn)
 s - a +2 pair of gloves of strength (worn)
 H - the +9 scales of the Dragon King {rPois rF+ rC+ Will+}
   (You found it on level 5 of the Vaults)

   rF:        It protects you from fire.
   rC:        It protects you from cold.
   rPois:     It protects you from poison.
   Will:      It increases your willpower.
 K - the +2 ring mail of Lidimpi (worn) {rElec rF+++ Will++ Int-5}
   (You found it on level 1 of the Vaults)

   Int:       It affects your intelligence (-5).
   rF:        It renders you almost immune to fire.
   rElec:     It insulates you from electricity.
   Will:      It greatly increases your willpower.
 O - a +2 cloak (worn)
Magical Staves
 j - a staff of earth (weapon)
Jewellery
 l - a ring of see invisible (left hand)
 r - a ring of willpower
 D - the ring "Qesoxir" {rC+ Str+6 Int+3}
   (You found it in a treasure trove)

   [ring of strength]

   Str:       It affects your strength (+6).
   Int:       It affects your intelligence (+3).
   rC:        It protects you from cold.
 G - the ring of Woenaj {Int+6 Slay+3}
   (You found it on level 7 of the Dungeon)

   [ring of intelligence]

   Int:       It affects your intelligence (+6).
   Slay:      It affects your accuracy & damage with ranged weapons and melee
   (+3).
 L - the ring "Obimez" {rF- rC+ Will+ Dex+6 Stlth+}
   (You found it in a treasure trove)

   [ring of dexterity]

   Dex:       It affects your dexterity (+6).
   rF:        It makes you vulnerable to fire.
   rC:        It protects you from cold.
   Will:      It increases your willpower.
   Stlth:     It makes you more stealthy.
 N - the ring of Odua (right hand) {rF+ rN+ MP+9 Str+2 Dex+6}
   (You found it in a treasure trove)

   [ring of dexterity]

   Str:       It affects your strength (+2).
   Dex:       It affects your dexterity (+6).
   rF:        It protects you from fire.
   rN:        It protects you from negative energy.
   MP:        It affects your magic capacity (+9).
 T - the amulet "Xiteaq" (around neck) {Reflect Drain rC++ Int+7 SH+5}
   (You acquired it in a bailey)

   [amulet of reflection]

   It reflects blocked missile attacks.
   Int:       It affects your intelligence (+7).
   rC:        It greatly protects you from cold.
   Drain:     It drains your maximum health when unequipped.
   SH:        It affects your SH (+5).
Wands
 v - a wand of polymorph (3)
 x - a wand of quicksilver (41)
 J - a wand of iceblast (43)
 S - a wand of mindburst (43)
 Y - a wand of digging (25)
Scrolls
 f - 2 scrolls of silence
 i - 15 scrolls of teleportation
 m - 6 scrolls of enchant weapon
 n - 10 scrolls of blinking
 u - 9 scrolls of fear
 y - 7 scrolls of summoning
 E - 13 scrolls of magic mapping
 F - 6 scrolls of enchant armour
 R - 8 scrolls of poison
 U - 9 scrolls of butterflies
 W - 7 scrolls of immolation
Potions
 e - 42 potions of curing
 g - 14 potions of lignification
 k - 3 potions of magic
 o - 12 potions of heal wounds
 q - 6 potions of might
 w - 4 potions of haste
 A - 14 potions of resistance
 C - 7 potions of brilliance
 M - 4 potions of berserk rage
 Q - 5 potions of cancellation
 Z - 2 potions of invisibility
Miscellaneous
 c - a lightning rod (4/4)
 t - a tin of tremorstones (2/2)
 z - a condenser vane
 V - a phantom mirror


   Skills:
 - Level 10.0 Fighting
 - Level 1.0 Long Blades
 - Level 8.0(9.0) Maces & Flails
 + Level 6.3(8.2) Staves
 - Level 8.0 Ranged Weapons
 - Level 2.0 Throwing
 - Level 18.0 Armour
 - Level 9.0 Dodging
 - Level 12.0 Stealth
 - Level 9.0 Shields
 + Level 23.0 Spellcasting
 O Level 27 Conjurations
 - Level 4.0 Translocations
 - Level 2.0 Transmutations
 - Level 3.0 Fire Magic
 - Level 4.0 Ice Magic
 - Level 4.0 Air Magic
 O Level 27 Earth Magic
 - Level 3.0 Poison Magic
 - Level 3.0 Evocations


You had 22 spell levels left.
You knew the following spells:

 Your Spells              Type           Power      Damage    Failure   Level
a - Sandblast             Erth           100%       2d20      0%          1
b - Stone Arrow           Conj/Erth      100%       3d13      0%          3
c - Iron Shot             Conj/Erth      73%        9d13      0%          6
d - Lehudib's Crystal Sp  Conj/Erth      73%        10d17     1%          8
e - Shatter               Erth           73%        3d54*     1%          9
f - Lee's Rapid Deconstr  Erth           73%        3d34*     0%          5
g - Freezing Cloud        Conj/Ice/Air   43%        6-21      1%          5
h - Lightning Bolt        Conj/Air       49%        1d69      1%          5
i - Passwall              Tmut/Erth      98%        N/A       0%          2
l - Petrify               Tmut/Erth      100%       N/A       1%          4
p - Poisonous Vapours     Pois/Air       100%       N/A       1%          2

Your spell library contained the following spells:

 Spells                   Type           Power      Damage    Failure   Level
 Maxwell's Capacitive Co  Air            30%        ∞         97%         8
 Foxfire                  Conj/Fire      100%       2x1d9     0%          1
 Magic Dart               Conj           100%       1d8       0%          1
 Dazzling Flash           Conj/Hex       100%       N/A       0%          3
 Hailstorm                Conj/Ice       98%        3d19      0%          3
 Iskenderun's Mystic Bla  Conj/Tloc      98%        2d19      0%          4
 Freeze                   Ice            100%       1d11      1%          1
 Summon Small Mammal      Summ           100%       N/A       1%          1
 Call Imp                 Summ           39%        N/A       1%          2
 Ensorcelled Hibernation  Hex/Ice        100%       N/A       1%          2
 Scorch                   Fire           100%       2d10      1%          2
 Wereblood                Tmut           51%        N/A       1%          2
 Frozen Ramparts          Ice            100%       1d16      1%          3
 Gell's Gravitas          Tloc           60%        N/A       1%          3
 Lesser Beckoning         Tloc           100%       N/A       1%          3
 Mephitic Cloud           Conj/Pois/Air  86%        N/A       1%          3
 Ozocubu's Armour         Ice            60%        N/A       1%          3
 Portal Projectile        Hex/Tloc       100%       N/A       1%          3
 Spider Form              Tmut/Pois      54%        N/A       1%          3
 Swiftness                Air            60%        N/A       1%          3
 Teleport Other           Tloc           60%        N/A       1%          3
 Animate Armour           Summ/Erth      100%       N/A       1%          4
 Flame Wave               Conj/Fire      96%        2d20      1%          4
 Leda's Liquefaction      Hex/Erth       57%        N/A       1%          4
 Fireball                 Conj/Fire      48%        3d19      1%          5
 Irradiate                Conj/Tmut      47%        3d27      1%          5
 Starburst                Conj/Fire      48%        6d13      1%          6
 Manifold Assault         Tloc           60%        N/A       2%          4
 Passage of Golubria      Tloc           60%        N/A       2%          4
 Call Canine Familiar     Summ           39%        N/A       3%          3
 Summon Guardian Golem    Hex/Summ       39%        N/A       3%          3
 Vampiric Draining        Necr           39%        2d8       3%          3
 Summon Lightning Spire   Summ/Air       51%        N/A       5%          4
 Anguish                  Hex/Necr       19%        N/A       12%         4
 Animate Dead             Necr           39%        N/A       12%         4
 Cause Fear               Hex            19%        N/A       12%         4
 Dispel Undead            Necr           39%        3d16      12%         4
 Alistair's Intoxication  Tmut/Pois      36%        N/A       12%         5
 Blade Hands              Tmut           25%        N/A       16%         5
 Metabolic Englaciation   Hex/Ice        25%        N/A       16%         5
 Silence                  Hex/Air        25%        N/A       16%         5
 Agony                    Necr           39%        N/A       34%         5
 Dispersal                Tloc           30%        N/A       36%         6
 Ozocubu's Refrigeration  Ice            30%        4d14      45%         7
 Chain Lightning          Conj/Air       49%        3d65      45%         9
 Fire Storm               Conj/Fire      48%        8d12      54%         9
 Simulacrum               Ice/Necr       25%        N/A       63%         6
 Death Channel            Necr           19%        N/A       88%         6
 Summon Cactus Giant      Summ           19%        N/A       88%         6
 Storm Form               Tmut/Air       28%        N/A       97%         7
 Dragon Form              Tmut           25%        N/A       99%         7
 Malign Gateway           Summ/Tloc      25%        N/A       99%         7
 Haunt                    Necr/Summ      19%        N/A       100%        7
 Borgnjor's Revivificati  Necr           19%        N/A       100%        8
 Disjunction              Tloc           30%        N/A       100%        8
 Infestation              Necr           19%        N/A       100%        8
 Necromutation            Tmut/Necr      23%        N/A       100%        8
 Summon Horrible Things   Summ           19%        N/A       100%        8
 Death's Door             Necr           19%        N/A       100%        9
 Dragon's Call            Summ           19%        N/A       100%        9
 Polar Vortex             Ice            30%        N/A       100%        9
 Cigotuvi's Dreadful Rot  Necr/Pois/Air  Unusable   N/A       N/A         2
 Sublimation of Blood     Necr           Unusable   N/A       N/A         2
 Statue Form              Tmut/Erth      Unusable   N/A       N/A         6

Dungeon Overview and Level Annotations

Branches:
Dungeon (15/15)            Temple (1/1) D:6            Lair (5/5) D:11
  Swamp (4/4) Lair:3        Snake (4/4) Lair:3        Slime (0/5) Lair:4
    Orc (2/2) D:12            Elf (3/3) Orc:2        Vaults (5/5) D:13
  Crypt (3/3) Vaults:3       Tomb (1/3) Crypt:3      Depths (4/4) D:15
    Zot (4/5) Depths:4      Sewer (visited)          Bailey (visited)
  IceCv (visited)          WizLab (visited)

Altars:
Ashenzari
Cheibriados
Dithmenos
Elyvilon
Fedhas
Gozag
Hepliaklqana
Kikubaaqudgha
Makhleb
Nemelex Xobeh
Okawaru
Qazlal
Ru
Sif Muna
Trog
Uskayaw
Vehumet
Wu Jian
Xom
Yredelemnul
Zin
The Shining One
Jiyva
Lugonu

Shops:
D:4 =   D:7 =   Orc:1 *[   Orc:2 :!:[   Elf:1 [   Elf:3 (   Snake:4 (:
Vaults:2 [*:   Vaults:3 !   Vaults:5 !   Depths:1 (   Depths:3 [   Depths:4 *

Portals:
Hell: Depths:1 Depths:2 Depths:3 Depths:4
Abyss: Depths:1 Depths:3 Depths:4
Pandemonium: Depths:2
Ziggurat: Depths:3

Annotations:
Vaults:4 Mennas
Depths:1 1 runed translucent door
Depths:2 1 runed translucent door, Coggirus's ghost, adept DsBe


Innate Abilities, Weirdness & Mutations

You are immune to sickness and miasma.
Your stone body is resilient. (AC +20)
You are immune to poison.
Your large and strong wings let you fly.
You resist negative energy. (rN+)
You are resistant to electric shocks. (rElec)
You are resistant to unholy torment.
You are immune to petrification.


Message History

Vehumet accepts your kill.
You feel your power returning. The yellow draconian spits acid at you.
The glob of acid hits you!!
The purple draconian shifter breathes dispelling energy at you.
The bolt of dispelling energy misses you.
The purple draconian breathes dispelling energy at you.
The bolt of dispelling energy hits you!!
The yellow draconian spits acid at you. The glob of acid hits you!
You hear a roar!
Casting: Iron Shot (safe; 0% risk of failure)
Confirm with . or Enter, or press ? or * to list all spells.
Aiming: Freezing Cloud (safe; 1% risk of failure)
Press: ? - help, Dir - move target That beam is likely to hit you.
Continue anyway?
The purple draconian shifter gestures wildly while chanting.
The purple draconian shifter blinks!
The yellow draconian spits acid at you.
The glob of acid hits you but does no damage.
The yellow draconian is engulfed in freezing vapours.
The yellow draconian seems to slow down.
The purple draconian breathes dispelling energy at you.
The bolt of dispelling energy hits you!!
Casting: Freezing Cloud (safe; 1% risk of failure)
Confirm with . or Enter, or press ? or * to list all spells.
Aiming: Freezing Cloud (safe; 1% risk of failure)
Press: ? - help, Dir - move target, f - purple draconian
Aim: a purple draconian, wielding a +2 vampiric long sword (catching its breath)
The purple draconian shifter breathes dispelling energy at you.
The bolt of dispelling energy hits you!!
* * * LOW HITPOINT WARNING * * *
The purple draconian is engulfed in freezing vapours.
The purple draconian seems to slow down.
A white draconian comes into view. It is wielding a +0 short sword.
The yellow draconian is engulfed in freezing vapours.
The yellow draconian seems to slow down.
The yellow draconian spits acid at you. The glob of acid hits you!!
You die...

###################
*###....§§§§§........####
***.......q§§d§...........###
*,,..)...d.§§d§.@...........###
,,,........d§§§......†........###
,,,.....#######...............<.#
,,,...#** #..................
,,,..,,* #.........###......
,,,.,,,*******#........## ##.....
,,,,,,,*,,,,,..........## ###...
,,,,,,,,,,,,............### ##..
,,,,,,,,,,,,..............#####..


You could see 2 draconians, a purple draconian (slow), a white draconian and a
purple draconian shifter (catching breath).

Vanquished Creatures
  A dread lich (Vaults:5)
  An ancient lich (Crypt:3)
  An orb of fire (Zot:3)
  The ghost of Meadakhi the Spry, a master DgEE (Zot:2)
  3 juggernauts
  3 royal mummies (Tomb:1)
  Vv (Depths:4)
  Sojobo (Vaults:4)
  A Killer Klown (Zot:1)
  Saint Roka (Depths:2)
  Xtahua (Vaults:2)
  Margery (Vaults:2)
  5 curse toes
  A caustic shrike (Depths:2)
  The ghost of Ygreuj the End of an Era, a veteran DsFi of Qazlal (Vaults:3)
  14 golden dragons
  2 bone dragons
  Nikola (Swamp:4)
  3 electric golems
  A mutant beast (WizLab)
  The ghost of Weuw the Warrior, an adept GrFi of Cheibriados (Crypt:2)
  A hellephant (Depths:1)
  15 tentacled monstrosities
  A walking earthen tome (Depths:2)
  Jorgrun (Orc:2)
  Mlioglotl (Swamp:4)
  7 liches
  3 deep elf blademasters
  8 titans
  An acid blob (Lair:4)
  2 deep elf master archers (Elf:3)
  8 quicksilver dragons
  10 sphinxes
  Gastronok (Lair:2)
  7 death cobs
  2 ancient champions
  Kirke (D:15)
  10 tengu reavers
  3 shadow dragons
  Donald (Elf:2)
  4 nagarajas (Snake:4)
  5 revenants
  5 draconian monks
  15 storm dragons
  A fenstrider witch (Swamp:4)
  15 fire giants
  13 frost giants
  A balrug (Depths:2)
  5 deep elf sorcerers
  5 draconian knights
  13 ghouls
  5 draconian scorchers
  9 vault wardens
  A caustic shrike zombie (Crypt:3)
  2 iron dragons (Vaults:5)
  3 spectral caustic shrikes (Depths:3)
  Aizul (Elf:1)
  2 curse skulls (Crypt:1)
  2 draconian shifters
  3 ghost moths
  4 spriggan defenders (Depths:3)
  6 orc warlords
  2 draconian annihilators
  7 war gargoyles
  A reaper (Depths:2)
  3 deep elf elementalists (Elf:3)
  5 draconian stormcallers
  21 ironbound preservers
  34 very ugly things
  A caustic shrike skeleton (D:15)
  21 stone giants
  8 vampire knights
  13 green draconians
  10 deep elf demonologists
  The ghost of pigah the Stormcaller, a journeyman OpAE of Gozag (Lair:5)
  11 ironbound thunderhulks
  21 dire elephants
  28 slime creatures
  11 deep elf annihilators
  An eleionoma (Swamp:2)
  A lorocyproca (Depths:3)
  Nessos (Lair:4)
  6 purple draconians
  A bunyip (Swamp:3)
  11 red draconians
  9 black draconians
  7 spark wasps
  8 yellow draconians
  6 white draconians
  8 ettins
  A shambling mangrove (Swamp:3)
  9 deep elf death magi (Elf:3)
  3 mummy priests (Tomb:1)
  4 eidola
  7 deep elf high priests
  11 fire dragons
  10 jiangshi
  An elf zombie (Crypt:3)
  4 crystal guardians
  4 rakshasas
  An entropy weaver (Vaults:3)
  Josephine (Lair:4)
  An entropy weaver (shapeshifter) (WizLab)
  15 yaktaur captains
  3 great orbs of eyes
  3 ghost crabs
  5 salamander tyrants (Snake:4)
  18 hydras
  9 ice dragons
  A spriggan air mage (Depths:2)
  7 anacondas
  A peacekeeper (Vaults:3)
  Erolcha (Orc:2)
  10 ironbound frosthearts
  26 vault guards (Vaults:5)
  4 ogre magi
  4 death knights
  A spriggan skeleton (Crypt:3)
  14 centaur warriors
  20 two-headed ogres
  10 naga warriors
  7 alligators
  5 boulder beetles
  7 deep troll shamans
  26 dancing weapons
  An Orb Guardian skeleton (Crypt:2)
  10 vampire magi
  6 tengu warriors
  9 deep troll earth magi
  12 death yaks
  8 hell hogs (Depths:1)
  10 naga sharpshooters
  11 shock serpents
  2 titan zombies
  2 orc high priests
  Sonja (Lair:2)
  11 hell knights
  12 spriggans
  14 deep elf knights
  A soul eater (Crypt:2)
  2 spriggan berserkers
  Nergalle (Lair:2)
  7 iron trolls
  6 salamander mystics
  A shadow wraith (Crypt:1)
  29 skeletal warriors
  6 goliath frogs
  2 spriggan druids
  7 flayed ghosts
  A deep troll (shapeshifter) (Vaults:4)
  7 glowing orange brains
  6 swamp dragons
  3 spectral hydras (Swamp:4)
  An obsidian statue (Vaults:2)
  A shadow demon (Depths:3)
  12 deep elf archers
  10 naga ritualists
  58 deep trolls
  11 bog bodies
  13 orc knights
  14 phantasmal warriors
  A jorogumo zombie (Crypt:1)
  21 ironbound convokers
  15 lindwurms
  10 necromancers
  11 wizards
  3 harpies (Vaults:4)
  27 deep elf pyromancers
  A wolf spider zombie (D:15)
  An anaconda skeleton (Crypt:1)
  22 deep elf zephyrmancers
  11 mana vipers
  49 ugly things
  A manticore (shapeshifter) (Vaults:4)
  3 will-o-the-wisps
  7 large abominations (WizLab)
  2 wolf spiders (shapeshifter)
  A manticore (D:14)
  13 orc sorcerers
  15 salamanders
  25 moths of wrath
  5 cyclopes
  A centaur zombie (Crypt:3)
  A salamander (shapeshifter) (WizLab)
  A fire giant skeleton (D:15)
  2 frost giant skeletons
  36 black mambas
  2 ice statues
  A stone giant skeleton (D:15)
  A guardian serpent (Snake:3)
  A black mamba (shapeshifter) (WizLab)
  11 vault sentinels
  A water nymph (shapeshifter) (Depths:2)
  9 naga magi
  An iron dragon skeleton (Crypt:2)
  Maurice (D:12)
  10 elephants
  A torpor snail (shapeshifter) (WizLab)
  A torpor snail (Lair:2)
  A cane toad (shapeshifter) (WizLab)
  A dire elephant skeleton (Crypt:3)
  17 cane toads
  A rime drake (shapeshifter) (WizLab)
  6 komodo dragons
  An unseen horror (shapeshifter) (WizLab)
  2 yaktaurs (shapeshifter) (WizLab)
  3 swamp worm zombies (Swamp:4)
  3 rime drakes
  33 yaktaurs
  An efreet (D:11)
  2 elves (WizLab)
  7 freezing wraiths
  3 kobold demonologists
  A harpy zombie (Crypt:3)
  5 hydra zombies (Swamp:4)
  7 tengu conjurers
  3 meliai (D:14)
  A troll (shapeshifter) (WizLab)
  An iron troll zombie (Crypt:2)
  12 guardian mummies
  8 bloated husks
  A meliai (shapeshifter) (WizLab)
  A merfolk (shapeshifter) (Zot:1)
  8 trolls
  3 tarantellas (shapeshifter) (WizLab)
  A slime creature (shapeshifter) (Vaults:4)
  18 polar bears
  3 spectral swamp dragons (Swamp:4)
  A tarantella (Vaults:3)
  2 hornets (shapeshifter) (WizLab)
  12 blink frogs
  7 dream sheep (Lair:5)
  18 hornets
  A dream sheep (shapeshifter) (Vaults:1)
  A blink frog (shapeshifter) (WizLab)
  14 tyrant leeches
  2 raiju (shapeshifter) (WizLab)
  A snapping turtle (shapeshifter) (Depths:2)
  An air elemental (Elf:3)
  39 flying skulls
  6 alligator zombies (Swamp:4)
  4 jumping spiders (shapeshifter)
  2 centaur simulacra (D:14)
  3 shadows
  2 yaks (shapeshifter)
  2 culicivoras (shapeshifter) (WizLab)
  A culicivora (Vaults:3)
  6 water elementals
  A black mamba skeleton (Crypt:3)
  19 wraiths
  2 basilisks (shapeshifter)
  2 humans (WizLab)
  A human (shapeshifter) (WizLab)
  8 wyverns
  An unseen horror simulacrum (D:9)
  An ushabti (Tomb:1)
  2 steam dragons
  86 yaks
  A hog (D:15)
  3 basilisks
  9 small abominations (WizLab)
  6 fire elementals
  A golden eye (shapeshifter) (WizLab)
  23 vampire mosquitoes
  A swamp worm (shapeshifter) (WizLab)
  A two-headed ogre zombie (Tomb:1)
  Edmund (D:4)
  36 nagas
  14 swamp worms
  7 wargs
  An iron golem (WizLab)
  Menkaure (D:6)
  A naga (shapeshifter) (Vaults:5)
  2 acid dragons
  6 floating eyes
  16 water moccasins
  2 naga skeletons (Crypt:3)
  A glowing shapeshifter skeleton (Crypt:1)
  A meliai simulacrum (D:14)
  A cane toad skeleton (Crypt:2)
  27 orc warriors
  A black bear (shapeshifter) (WizLab)
  A swamp drake (shapeshifter) (Depths:4)
  16 ice beasts
  2 black bears
  4 sky beasts
  2 swamp dragon zombies (Swamp:4)
  A dream sheep zombie (Crypt:2)
  11 ogres
  A manticore zombie (Crypt:1)
  A wolf (shapeshifter) (WizLab)
  11 centaurs
  37 wolves
  A lindwurm skeleton (Crypt:2)
  4 phantoms (Swamp:4)
  4 kobold brigands
  Blork the orc (D:5)
  4 earth elementals
  15 bullfrogs
  7 necrophages
  A gnoll sergeant (Orc:2)
  6 scorpions
  A water moccasin skeleton (Crypt:1)
  A warg skeleton (Crypt:1)
  12 killer bees
  A howler monkey (D:8)
  6 electric eels
  A lava snake (D:9)
  A jelly (D:4)
  8 hounds
  12 orc priests
  2 gnoll boudas
  Jessica (D:3)
  A boggart zombie (D:15)
  3 iguanas
  41 orc wizards
  Natasha (D:3)
  6 hell rats (Lair:4)
  An acid dragon zombie (Crypt:1)
  11 mummies (Tomb:1)
  8 adders
  23 gnolls
  2 river rats (Sewer)
  2 swamp drake zombies (Swamp:4)
  An adder (shapeshifter) (WizLab)
  4 shadow imps
  A howler monkey simulacrum (D:9)
  21 white imps
  3 ufetubi
  An adder zombie (Crypt:1)
  2 worms
  4 dart slugs
  80 orcs
  7 endoplasms
  3 giant cockroaches
  13 goblins
  12 hobgoblins
  4 jackals
  3 quokkas
  3 ball pythons
  A ball python skeleton (Crypt:1)
  5 bats
  4 frilled lizards
  28 kobolds
  11 rats
  A rat skeleton (Crypt:1)
  A fungus (Lair:4)
  A plant (Lair:4)
2446 creatures vanquished.

Vanquished Creatures (collateral kills)
  An ironbound preserver (Vaults:3)
  A hydra (D:13)
  A wizard (Vaults:3)
3 creatures vanquished.

Vanquished Creatures (others)
  A jiangshi (Crypt:1)
  A swamp dragon (Swamp:4)
  A bloated husk (Swamp:4)
  A hornet (Swamp:3)
  2 spriggans
  2 humans (D:15)
  A naga (Snake:2)
  A swamp drake (Swamp:3)
  An orc wizard (Orc:2)
  A kobold (D:11)
  A bush (Lair:5)
  105 fungi
  130 plants
  12 withered plants (D:15)
260 creatures vanquished.

Grand Total: 2709 creatures vanquished

Notes
Turn   | Place    | Note
-------+----------+-------------------------------------------
     0 | D:1      | Lobster4 the Gargoyle Earth Elementalist began the quest
                  | for the Orb.
     0 | D:1      | Reached XP level 1. HP: 10/10 MP: 3/3
   219 | D:1      | Reached XP level 2. HP: 13/15 MP: 5/5
   767 | D:1      | Reached skill level 1 in Transmutations
   799 | D:1      | Found a faded altar of an unknown god.
   924 | D:2      | Reached XP level 3. HP: 16/20 MP: 2/6
  1251 | D:2      | Reached skill level 1 in Fighting
  1733 | D:3      | Reached XP level 4. HP: 25/25 MP: 7/7
  1737 | D:3      | Learned a level 3 spell: Stone Arrow
  1789 | D:3      | Reached skill level 1 in Armour
  2055 | D:3      | Found a shimmering altar of Xom.
  2193 | D:3      | Found a hide-covered altar of Uskayaw.
  2275 | D:3      | Noticed Jessica
  2275 | D:3      | Noticed Natasha
  2290 | D:3      | Killed Natasha
  2291 | D:3      | Reached XP level 5. HP: 18/29 MP: 5/8
  2291 | D:3      | Killed Jessica
  2292 | D:3      | Reached skill level 1 in Maces & Flails
  2455 | D:4      | Reached skill level 1 in Conjurations
  2545 | D:4      | Found Qehycol's Jewellery Shop.
  2669 | D:4      | Noticed Edmund
  2707 | D:4      | Reached skill level 5 in Earth Magic
  2707 | D:4      | Reached XP level 6. HP: 28/34 MP: 6/10
  3029 | D:4      | Reached skill level 1 in Evocations
  3133 | D:4      | Reached skill level 1 in Ranged Weapons
  3335 | D:4      | Found a sparkling altar of Nemelex Xobeh.
  3514 | D:4      | Reached XP level 7. HP: 26/38 MP: 8/11
  3951 | D:5      | Entered Level 5 of the Dungeon
  4011 | D:5      | Reached skill level 1 in Throwing
  4024 | D:5      | Found a glowing drain.
  4025 | D:5      | Noticed Blork the orc
  4040 | D:5      | Killed Blork the orc
  4119 | Sewer    | Entered a sewer
  4435 | Sewer    | Found a white marble altar of Elyvilon.
  4547 | D:5      | Reached XP level 8. HP: 43/43 MP: 7/13
  4788 | D:5      | Found a radiant altar of Vehumet.
  5843 | D:5      | Became a worshipper of Vehumet
  6022 | D:6      | Found a shadowy altar of Dithmenos.
  6439 | D:6      | Reached XP level 9. HP: 47/47 MP: 9/16
  6587 | D:6      | Found a staircase to the Ecumenical Temple.
  6601 | Temple   | Entered the Ecumenical Temple
  6858 | D:6      | Reached skill level 5 in Spellcasting
  6858 | D:6      | Reached skill level 5 in Conjurations
  6958 | D:6      | Found an iron altar of Okawaru.
  7077 | D:6      | Noticed Menkaure
  7081 | D:6      | Killed Menkaure
  7362 | D:4      | Killed Edmund
  7363 | D:4      | Reached skill level 10 in Earth Magic
  7498 | D:4      | Learned a level 2 spell: Passwall
  7606 | D:7      | Identified the +4 falchion of Cidy {drain, rPois}
  7619 | D:7      | Found Xoaqoc's Jewellery Boutique.
  7900 | D:7      | Found an opulent altar of Gozag.
  8058 | D:7      | Identified the ring of Woenaj {Int+6 Slay+3}
  8110 | D:7      | Reached * piety under Vehumet
  8110 | D:7      | Offered knowledge of Shock by Vehumet.
  8178 | D:7      | Found a stormy altar of Qazlal.
  8180 | D:7      | Found an ornate altar of the Wu Jian Council.
  8180 | D:7      | Found a hazy altar of Hepliaklqana.
  8181 | D:7      | Found an ancient bone altar of Kikubaaqudgha.
  8244 | D:7      | Noticed a hornet
  8248 | D:7      | Killed a hornet
  8346 | D:7      | Reached XP level 10. HP: 47/52 MP: 6/19
  8907 | D:8      | Identified the +4 robe of Insecurity {Str+2 Dex+2}
  9130 | D:8      | Learned a level 4 spell: Petrify
  9397 | D:8      | You fall into a shaft and drop 2 floors!
  9397 | D:10     | Entered Level 10 of the Dungeon
  9432 | D:10     | Found a flagged portal.
  9448 | Bailey   | Entered a bailey
  9481 | Bailey   | Reached ** piety under Vehumet
  9481 | Bailey   | Offered knowledge of Poisonous Vapours by Vehumet.
  9485 | Bailey   | Learned a level 2 spell: Poisonous Vapours
  9509 | Bailey   | Noticed an orc warlord
  9599 | Bailey   | Found a runed translucent gate.
  9602 | Bailey   | Found a runed translucent gate.
  9605 | Bailey   | Acquired 1068 gold pieces
  9617 | Bailey   | Acquired the amulet "Xiteaq" {Reflect Drain rC++ Int+7
                  | SH+5}
  9629 | Bailey   | Found a runed translucent gate.
  9945 | Bailey   | Killed an orc warlord
  9946 | Bailey   | Reached skill level 1 in Long Blades
  9946 | Bailey   | Reached skill level 1 in Air Magic
  9946 | Bailey   | Reached skill level 1 in Poison Magic
  9972 | Bailey   | Acquired 674 gold pieces
 10238 | D:9      | Reached XP level 11. HP: 55/56 MP: 18/21
 10250 | D:9      | Offered knowledge of Dazzling Flash by Vehumet.
 10367 | D:9      | Found Zydeduir's Weapon Shop.
 10689 | D:8      | Reached *** piety under Vehumet
 11265 | D:8      | Offered knowledge of Iskenderun's Mystic Blast by Vehumet.
 11287 | D:8      | Learned a level 4 spell: Iskenderun's Mystic Blast
 11720 | D:9      | Noticed a two-headed ogre
 11723 | D:9      | Killed a two-headed ogre
 11913 | D:9      | Noticed a skeletal warrior
 12016 | D:9      | Noticed a skeletal warrior
 12036 | D:9      | Noticed a skeletal warrior
 12037 | D:9      | Killed a skeletal warrior
 12038 | D:9      | Reached skill level 1 in Translocations
 12064 | D:8      | Killed a skeletal warrior
 12228 | D:9      | Reached **** piety under Vehumet
 12296 | D:9      | Noticed a two-headed ogre
 12299 | D:9      | Killed a two-headed ogre
 13169 | D:9      | Killed a skeletal warrior
 13170 | D:9      | Reached XP level 12. HP: 53/60 MP: 17/24
 13250 | D:10     | Offered knowledge of Freezing Cloud by Vehumet.
 13257 | D:10     | Learned a level 5 spell: Freezing Cloud
 13644 | D:10     | Noticed a two-headed ogre
 13646 | D:10     | Noticed a two-headed ogre
 13650 | D:10     | Killed a two-headed ogre
 13653 | D:10     | Killed a two-headed ogre
 13654 | D:10     | Reached skill level 1 in Ice Magic
 13743 | D:10     | Found a shimmering blue altar of Sif Muna.
 13881 | D:10     | Found a basalt altar of Yredelemnul.
 14074 | D:11     | Reached skill level 15 in Earth Magic
 14130 | D:11     | Noticed a two-headed ogre
 14136 | D:11     | Killed a two-headed ogre
 14237 | D:11     | Found a staircase to the Lair.
 14240 | D:11     | Noticed a two-headed ogre
 14244 | D:11     | Killed a two-headed ogre
 14513 | D:11     | Noticed a two-headed ogre
 14516 | D:11     | Killed a two-headed ogre
 14883 | D:11     | Noticed a two-headed ogre
 14886 | D:11     | Killed a two-headed ogre
 15030 | D:11     | Found a glowing silver altar of Zin.
 15295 | D:12     | Noticed Maurice
 15302 | D:12     | Paralysed by Maurice for 3 turns
 15305 | D:12     | Killed Maurice
 15311 | D:12     | Reached skill level 10 in Conjurations
 15623 | D:12     | Reached XP level 13. HP: 53/64 MP: 25/25
 16376 | D:12     | Reached ***** piety under Vehumet
 16434 | D:12     | Offered knowledge of Lightning Bolt by Vehumet.
 16441 | D:12     | Learned a level 5 spell: Lightning Bolt
 16644 | D:12     | Found a staircase to the Orcish Mines.
 16979 | D:13     | Found a frozen archway.
 17134 | IceCv    | Entered an ice cave
 17578 | IceCv    | Reached skill level 5 in Dodging
 18554 | IceCv    | Gained mutation: Your large and strong wings let you fly.
                  | [Gargoyle growth]
 18554 | IceCv    | Reached XP level 14. HP: 69/72 MP: 27/27
 18601 | IceCv    | Noticed a frost giant
 18620 | IceCv    | Killed a frost giant
 18654 | IceCv    | Offered knowledge of Flame Wave by Vehumet.
 18660 | IceCv    | Learned a level 4 spell: Flame Wave
 19101 | IceCv    | Got the Octavo of Frostbite
 19111 | IceCv    | Identified the ring "Vyuc Xirreh" {Fly rElec rPois Int+4}
 19328 | D:13     | Reached skill level 1 in Shields
 19465 | D:13     | Found a gate to the Vaults.
 19516 | D:13     | Found a portal to a secret trove of treasure.
 20656 | D:14     | Reached skill level 10 in Spellcasting
 21709 | D:14     | Reached skill level 1 in Fire Magic
 22023 | D:15     | Entered Level 15 of the Dungeon
 22882 | D:15     | Reached XP level 15. HP: 67/76 MP: 13/29
 23130 | Lair:1   | Entered Level 1 of the Lair of Beasts
 23296 | Lair:1   | Reached skill level 5 in Ranged Weapons
 25044 | Lair:1   | Offered knowledge of Fireball by Vehumet.
 25484 | Lair:2   | Noticed Sonja
 25489 | Lair:2   | Killed Sonja
 25721 | Lair:2   | Noticed Nergalle
 25729 | Lair:2   | Killed Nergalle
 25815 | Lair:2   | Noticed Gastronok
 25824 | Lair:2   | Killed Gastronok
 26459 | Lair:2   | Reached skill level 5 in Shields
 26741 | Lair:3   | Found a staircase to the Swamp.
 27370 | Lair:3   | Found a staircase to the Snake Pit.
 28679 | Lair:4   | Found a runed translucent door.
 28679 | Lair:4   | Found a viscous altar of Jiyva.
 28680 | Lair:4   | Found a staircase to the Slime Pits.
 28680 | Lair:4   | Noticed an acid blob
 29385 | Lair:4   | Noticed Nessos
 29388 | Lair:4   | Killed Nessos
 29826 | Lair:4   | Reached skill level 5 in Armour
 30236 | Lair:4   | Noticed Josephine
 30243 | Lair:4   | Killed Josephine
 30344 | Lair:4   | Reached XP level 16. HP: 84/84 MP: 19/30
 30800 | Lair:5   | Entered Level 5 of the Lair of Beasts
 32672 | Lair:5   | Found a runed translucent gate.
 32672 | Lair:5   | Found a runed translucent gate.
 32676 | Lair:5   | Noticed pigah's ghost (journeyman OpAE)
 32678 | Lair:5   | Found a runed translucent gate.
 32757 | Lair:5   | Reached skill level 5 in Maces & Flails
 33224 | Orc:1    | Entered Level 1 of the Orcish Mines
 33322 | Orc:1    | Found a bloodstained altar of Trog.
 33593 | Orc:1    | Found Hymeavint's Antique Armour Boutique.
 33603 | Orc:1    | Bought an aquamarine-encrusted leather armour for 189 gold
                  | pieces
 33603 | Orc:1    | Identified the +6 leather armour of Responsibility {rN+}
                  | (You bought it in a shop on level 1 of the Orcish Mines)
 33611 | Orc:1    | Bought a steaming robe for 153 gold pieces
 33611 | Orc:1    | Identified the +2 robe "Loson" {rC- Regen+ Dex+7} (You
                  | bought it in a shop on level 1 of the Orcish Mines)
 33972 | Orc:1    | Found Pabramm's General Store.
 33980 | Orc:1    | Bought a scroll of identify for 30 gold pieces
 34088 | Orc:2    | Entered Level 2 of the Orcish Mines
 34140 | Orc:2    | Noticed Jorgrun
 34297 | Orc:2    | Reached skill level 5 in Fighting
 34370 | Orc:2    | Found a staircase to the Elven Halls.
 34567 | Orc:2    | Killed Jorgrun
 34698 | Orc:2    | Offered knowledge of Conjure Ball Lightning by Vehumet.
 34712 | Orc:2    | Paralysed by an orc sorcerer for 2 turns
 35409 | Orc:2    | Found Lojaj's Book Shoppe.
 35429 | Orc:2    | Found a radiant altar of Vehumet.
 35429 | Orc:2    | Noticed Erolcha
 35444 | Orc:2    | Killed Erolcha
 35659 | Orc:2    | Found an ancient bone altar of Kikubaaqudgha.
 35921 | Orc:2    | Found Lefer's Book Emporium.
 36011 | Orc:2    | Bought a book of Armaments for 540 gold pieces
 36026 | Orc:2    | Paralysed by an orc sorcerer for 5 turns
 36098 | Orc:2    | Found Miacenuq's Antique Armour Shoppe.
 36114 | Orc:2    | Found Liaf's Distillery.
 36172 | Orc:2    | Bought a pair of glowing boots for 217 gold pieces
 36175 | Orc:2    | Bought a pair of gloves for 130 gold pieces
 36180 | Orc:2    | Bought an embroidered scarf for 232 gold pieces
 36931 | D:15     | Found a staircase to the Depths.
 37243 | D:15     | Offered knowledge of Orb of Destruction by Vehumet.
 37608 | D:15     | Noticed Kirke
 37612 | D:15     | Reached XP level 17. HP: 92/92 MP: 26/32
 37616 | D:15     | Killed Kirke
 37768 | D:15     | Learned a level 8 spell: Lehudib's Crystal Spear
 38071 | Snake:1  | Entered Level 1 of the Snake Pit
 39156 | Snake:2  | Found a flickering gateway to a bazaar.
 39165 | Bazaar   | Entered a bazaar
 39178 | Bazaar   | Found Zivodam's Assorted Antiques.
 39184 | Bazaar   | Found Ypnadeab's Weapon Shop.
 39187 | Bazaar   | Found Ticoinee's Assorted Antiques.
 39194 | Bazaar   | Found Eliucw's Assorted Antiques.
 39198 | Bazaar   | Found Yxtom's Assorted Antiques.
 39207 | Bazaar   | Bought a scroll of identify for 40 gold pieces
 41245 | Snake:3  | Offered knowledge of Ozocubu's Refrigeration by Vehumet.
 41944 | Snake:4  | Entered Level 4 of the Snake Pit
 43001 | Snake:4  | Found Zoybegip's Weapon Emporium.
 43006 | Snake:4  | Found Banlyum's Book Emporium.
 43241 | Snake:4  | Reached XP level 18. HP: 96/96 MP: 34/34
 44995 | Snake:4  | Reached skill level 15 in Conjurations
 45012 | Snake:4  | Got Kykkic's Codex of Beckoning
 45227 | Snake:4  | Got a serpentine rune of Zot
 45455 | Vaults:1 | Entered Level 1 of the Vaults
 46334 | Vaults:1 | Offered knowledge of Iron Shot by Vehumet.
 46345 | Vaults:1 | Learned a level 6 spell: Iron Shot
 47047 | Vaults:1 | Reached XP level 19. HP: 103/103 MP: 12/36
 47747 | Vaults:1 | Identified the +2 ring mail of Lidimpi {rElec rF+++ Will++
                  | Int-5}
 48750 | Vaults:2 | Found Ikkyonib's Book Boutique.
 48786 | Vaults:2 | Reached ****** piety under Vehumet
 49106 | Vaults:2 | Offered knowledge of Shatter by Vehumet.
 49106 | Vaults:2 | Offered knowledge of Chain Lightning by Vehumet.
 49106 | Vaults:2 | Offered knowledge of Maxwell's Capacitive Coupling by
                  | Vehumet.
 49220 | Vaults:2 | Learned a level 9 spell: Shatter
 49309 | Vaults:2 | Noticed Margery
 49314 | Vaults:2 | Killed Margery
 49993 | Vaults:2 | Noticed Xtahua
 49997 | Vaults:2 | Killed Xtahua
 50269 | Vaults:2 | Found Zaivairph's Antique Armour Shoppe.
 50272 | Vaults:2 | Found Lakla's Assorted Antiques.
 50274 | Vaults:2 | Bought a brightly glowing hat for 306 gold pieces
 50274 | Vaults:2 | Identified the +0 hat of Kavapp {+Inv Dex-3 Stlth+} (You
                  | bought it in a shop on level 2 of the Vaults)
 50415 | Vaults:2 | Found Ittyti's Jewellery Shop.
 51367 | Vaults:3 | Found Qaroer's Distillery.
 51367 | Vaults:3 | Found a staircase to the Crypt.
 51557 | Vaults:3 | Reached XP level 20. HP: 98/108 MP: 13/38
 53119 | Vaults:3 | Found a transporter.
 53119 | Vaults:3 | Noticed Ygreuj's ghost (veteran DsFi)
 53119 | Vaults:3 | Identified the +9 great mace "Poocle" {elec, rC+ rN+}
 54833 | Vaults:4 | Reached skill level 15 in Spellcasting
 55839 | Vaults:4 | Noticed Sojobo
 56752 | Vaults:4 | Reached XP level 21. HP: 112/112 MP: 27/40
 57328 | Vaults:4 | Upgraded the game from 0.30-a0-222-ge547ba4400 to
                  | 0.30-a0-223-gcb0039aa0c
 57371 | Vaults:4 | Killed Sojobo
 58124 | Swamp:1  | Entered Level 1 of the Swamp
 58454 | Swamp:1  | Identified the +5 chain mail of Ziycoa {+Inv rC- Int+8
                  | Dex-4}
 61246 | Swamp:4  | Entered Level 4 of the Swamp
 61315 | Swamp:4  | Noticed Mlioglotl
 61321 | Swamp:4  | Killed Mlioglotl
 62026 | Swamp:4  | Found a shimmering altar of Xom.
 62131 | Swamp:4  | Noticed Nikola
 62136 | Swamp:4  | Killed Nikola
 63245 | Swamp:4  | Noticed a bone dragon
 63250 | Swamp:4  | Killed a bone dragon
 63539 | Swamp:4  | Got a decaying rune of Zot
 63553 | Swamp:4  | Learned a level 5 spell: Lee's Rapid Deconstruction
 63869 | Elf:1    | Entered Level 1 of the Elven Halls
 64057 | Elf:1    | Found Miqimu's Armour Boutique.
 64083 | Elf:1    | Identified the +0 robe of Weightlessness {rC+}
 64233 | Elf:1    | Reached skill level 27 in Earth Magic
 64490 | Elf:1    | Got the Papyrus of Apparitions
 64846 | Elf:1    | Noticed Aizul
 64849 | Elf:1    | Killed Aizul
 65184 | Elf:2    | Found a radiant altar of Vehumet.
 65550 | Elf:2    | Found a runed translucent gate.
 65551 | Elf:2    | Found a runed translucent gate.
 65551 | Elf:2    | Found a runed translucent gate.
 65775 | Elf:2    | Noticed Donald
 65807 | Elf:3    | Entered Level 3 of the Elven Halls
 65807 | Elf:3    | Found Ryqutaihi's Antique Weapon Emporium.
 65970 | Elf:3    | Reached XP level 22. HP: 117/117 MP: 25/42
 66373 | Elf:3    | Paralysed by an air elemental for 1 turns
 67258 | Elf:3    | Identified the +0 ring mail of Going Fast {rN++}
 67418 | Elf:3    | Identified the +4 shortbow of the Desolation of Salt
                  | {vorpal, rF++ rC+ Int-3}
 67882 | D:13     | You paid a toll of 9 potions of haste to enter a treasure
                  | trove
 67883 | Trove    | Entered a treasure trove
 67891 | Trove    | Identified the ring "Opappaim" {rPois Dex+6}
 67906 | Trove    | Identified the amulet of Jaesixu {Acrobat +Inv Int+4 Dex+3}
 67909 | Trove    | Identified the ring "Qesoxir" {rC+ Str+6 Int+3}
 67915 | Trove    | Identified the ring of Eternal Night {Will- Str+7 Int+4
                  | SInv}
 67917 | Trove    | Identified the ring "Obimez" {rF- rC+ Will+ Dex+6 Stlth+}
 67922 | Trove    | Identified the ring of Odua {rF+ rN+ MP+9 Str+2 Dex+6}
 67926 | Trove    | Identified the ring of the Suburbs {Ice rPois Will+ Str+8
                  | Int-4}
 68335 | Elf:3    | Identified the +8 arbalest "Irchu Uga" {venom, rN++ Will+}
 68371 | Elf:3    | Identified the +1 pair of boots "Sucenite" {Str-4 Int+5
                  | Dex+3 Stlth+}
 68881 | Elf:3    | Identified the +9 mace "Plog" {vamp, rC++ rCorr Str+3
                  | Dex-5}
 68881 | Elf:3    | Identified the ring "Bauboema" {Ice rPois Str+2 Stlth+}
 68939 | Elf:3    | Got Kikubaaqudgha's Handbook of Sinister Mysteries
 68958 | Elf:3    | Identified the +2 halberd "Plog" {flame, rElec rPois Str-3}
 69081 | Elf:2    | Killed Donald
 69711 | Elf:2    | Reached skill level 5 in Stealth
 70812 | Lair:5   | Killed pigah's ghost
 71228 | Vaults:3 | Found a transporter.
 71233 | Vaults:3 | Killed Ygreuj's ghost
 71897 | Vaults:5 | Entered Level 5 of the Vaults
 71900 | Vaults:5 | Reached XP level 23. HP: 106/121 MP: 44/44
 72093 | Vaults:5 | Reached skill level 10 in Armour
 72145 | Vaults:5 | Noticed a golden dragon
 72154 | Vaults:5 | Killed a golden dragon
 72333 | Vaults:4 | Reached skill level 10 in Stealth
 72621 | Vaults:5 | Noticed Mennas
 72652 | Vaults:4 | HP: 6/121 [titan (14)]
 73188 | Vaults:5 | Noticed a dread lich
 73269 | Vaults:5 | Killed a dread lich
 73349 | Vaults:5 | Got a silver rune of Zot
 73458 | Vaults:5 | Acquired 1110 gold pieces
 73690 | Vaults:5 | Identified the ring "Wefof" {MP+9 Dex+3}
 73908 | Vaults:5 | Got The Joy of Wizardry
 74543 | Vaults:5 | Found the +7 Spriggan's Knife {stab, EV+4 Stlth+}
 74544 | Vaults:5 | Found Batip's Distillery.
 74552 | Vaults:5 | Bought 2 potions of heal wounds for 150 gold pieces
 74738 | Vaults:5 | Found the +9 scales of the Dragon King {rPois rF+ rC+
                  | Will+}
 75417 | Crypt:1  | Entered Level 1 of the Crypt
 75484 | Crypt:1  | Found a magical portal.
 75491 | WizLab   | Entered Cigotuvi's Fleshworks
 76750 | WizLab   | Got Cigotuvi's Secrets of Variation
 76773 | WizLab   | Reached XP level 24. HP: 127/127 MP: 45/45
 76773 | WizLab   | Paralysed by a floating eye for 3 turns
 76890 | WizLab   | Identified the ring of Suozxux {Fire rPois rN+}
 79675 | Crypt:2  | Got the Octavo of Impurities and the Zephyr
 80339 | Crypt:3  | Entered Level 3 of the Crypt
 81341 | Crypt:2  | Found a large runed translucent door.
 81341 | Crypt:2  | Found a large runed translucent door.
 81345 | Crypt:2  | Noticed Weuw's ghost (adept GrFi)
 81796 | Crypt:2  | Killed Weuw's ghost
 82020 | Crypt:3  | Reached skill level 15 in Armour
 83192 | Crypt:3  | Noticed an ancient lich
 83197 | Crypt:3  | Killed an ancient lich
 84063 | Crypt:3  | Found a staircase to the Tomb.
 84260 | Crypt:3  | Found an ancient bone altar of Kikubaaqudgha.
 84274 | Crypt:3  | Got Kikubaaqudgha's Book of Unhallowed Arts
 84275 | Crypt:3  | Identified the +1 dire flail "Testudineslayer" {vorpal,
                  | Str+4 Int+4 Dex+2}
 84415 | Tomb:1   | Entered Level 1 of the Tomb of the Ancients
 84731 | Tomb:1   | Reached XP level 25. HP: 136/136 MP: 45/45
 85273 | Tomb:1   | Noticed a royal mummy
 85279 | Tomb:1   | Noticed a royal mummy
 85280 | Tomb:1   | Killed a royal mummy
 85610 | Tomb:1   | Noticed a royal mummy
 85616 | Tomb:1   | Killed a royal mummy
 85670 | Tomb:1   | Killed a royal mummy
 86254 | Tomb:1   | Acquired 767 gold pieces
 86802 | Depths:1 | Entered Level 1 of the Depths
 86803 | Depths:1 | Found Rejisefa's Weapon Emporium.
 87378 | Depths:1 | Found a corrupted altar of Lugonu.
 87378 | Depths:1 | Found a one-way gate to the infinite horrors of the Abyss.
 87582 | Depths:1 | Found a gateway to Hell.
 88186 | Depths:1 | Found a runed translucent door.
 88186 | Depths:1 | Noticed a juggernaut
 88188 | Depths:1 | Noticed a juggernaut
 88843 | Depths:2 | Reached skill level 1 in Staves
 89034 | Depths:2 | Found a one-way gate leading to the halls of Pandemonium.
 89567 | Depths:2 | Acquired a +0 vorpal hand crossbow
 89581 | Depths:2 | Noticed a juggernaut
 89585 | Depths:2 | Killed a juggernaut
 89873 | Depths:2 | Identified the +9 ring mail of Pisott {Regen+}
 90002 | Depths:2 | Noticed a juggernaut
 90007 | Depths:2 | Killed a juggernaut
 90197 | Depths:2 | Noticed Saint Roka
 90207 | Depths:2 | Killed Saint Roka
 90715 | Depths:2 | Reached XP level 26. HP: 144/144 MP: 46/46
 91165 | Depths:2 | Found a runed translucent door.
 91165 | Depths:2 | Noticed Coggirus's ghost (adept DsBe)
 92749 | Depths:3 | Found Ohulej's Armour Emporium.
 92891 | Depths:3 | Found a one-way gateway to a ziggurat.
 93060 | Depths:3 | Reached skill level 5 in Staves
 93651 | Depths:4 | Entered Level 4 of the Depths
 93807 | Depths:4 | Reached skill level 10 in Fighting
 94402 | Depths:4 | Paralysed by a floating eye for 3 turns
 94930 | Depths:4 | Noticed a juggernaut
 94936 | Depths:4 | Killed a juggernaut
 95068 | Depths:4 | Found a gate to the Realm of Zot.
 95276 | Depths:4 | Found Kafo's Fire Supplies.
 95629 | Zot:1    | Entered Level 1 of the Realm of Zot
 95634 | Zot:1    | Noticed a Killer Klown
 96145 | Zot:1    | Killed a Killer Klown
 96483 | Zot:1    | Noticed Vv
 96703 | Depths:4 | Killed Vv
 96963 | Zot:1    | Identified the +1 robe "Nazomeul" {+Blink rF- Str+2 Int+6}
 96986 | Zot:1    | Reached XP level 27. HP: 139/152 MP: 23/47
 98706 | Zot:2    | Reached skill level 27 in Conjurations
 98821 | Zot:2    | Found a runed translucent gate.
 98821 | Zot:2    | Found a runed translucent gate.
 98821 | Zot:2    | Found a runed translucent gate.
100069 | Zot:2    | Noticed Meadakhi's ghost (master DgEE)
100470 | Zot:2    | Killed Meadakhi's ghost
100604 | Zot:3    | Noticed an orb of fire
100607 | Zot:3    | Killed an orb of fire
102324 | Zot:3    | Identified the +1 ring mail of Foolhardiness {Will++}
103343 | Zot:4    | Killed from afar by a yellow draconian

Illustrated notes

Levels and vault maps discovered:
D:1:      mrwooster_arrival_statue_2, layout_basic,
          shapermc_ecumenical_altar_mp_vishouse
D:2:      layout_rooms
D:3:      layout_rooms, mainiacjoe_overflow_chevrons,
          nicolae_uskayaw_murder_on_the_dancefloor, kennysheep_jessica_study,
          uniq_natasha
D:4:      layout_loops_corners, nemelex_diamond_rough_becter, serial_shops,
          nicolae_shop_statue_plus, minmay_hedge_maze, minmay_circle_x,
          uniq_edmund
D:5:      layout_layer_cave, nicolae_vehumet_radiance, gup_sewer_entry_glass,
          st_stairs_8, uniq_blork_the_orc
D:6:      layout_basic, mainiacjoe_overflow_surrounded_room,
          nicolae_dithmenos_shadow_blocks, minmay_temple_entry_offerings,
          uniq_menkaure
D:7:      layout_basic, chequers_temple_overflow_statue_of_worship,
          nicolae_gozag_cash_rules_everything_around_me,
          hangedman_decor_diamond_cutter, nicolae_take_the_stairs
D:8:      layout_loops_ring, serial_ice, serial_ice_k, serial_ice_c,
          serial_ice_d, serial_ice_a, serial_ice_g, serial_ice_b,
          grunt_ministairs_15, kennysheep_small_square
D:9:      layout_loops_ring, serial_shops, nicolae_shop_bloodbath_and_beyond,
          serial_ice, serial_ice_o, serial_ice_g, serial_ice_m, serial_ice_l,
          serial_ice_e, nicolae_lava_and_water
D:10:     layout_rooms, overflow_temple_1_default,
          mainiacjoe_overflow_six_doors_small, enter_bailey_3,
          palyth_stone_intersect
D:11:     layout_loops_ring, due_lair_maze_entry_diamond, zin_treasury
D:12:     layout_roguey, david_orc_4, minmay_stone_trees_small, uniq_maurice
D:13:     layout_loops_cross, david_vaults_2, portal_ice_cave_entry_imps,
          nicolae_trove_entry_diagonal, serial_park_tiny_1
D:14:     layout_long_grid, kennysheep_flooded_box
D:15:     gammafunk_depths_entry_grave, layout_gridville, corexii_corridor_pit,
          serial_undead, serial_undead_f, serial_undead_a, serial_undead_f,
          serial_undead_b, serial_bayou_pond_b, uniq_kirke
Temple:   grunt_temple_mini_profane
Lair:1:   layout_roguey, hibernation_bobbens, grunt_megastairs_3
Lair:2:   layout_hall_layers, uniq_nergalle, uniq_sonja, uniq_gastronok
Lair:3:   layout_big_grid, minmay_swamp_entry_worms,
          minmay_snake_entry_six_corridors, chequers_serial_rivers_micro_a,
          ice2_lemuel
Lair:4:   layout_regular_city, slime_entry_2, bh_autumn_forest_stairs,
          chequers_serial_rivers_large_a, columned_hall_lemuel, uniq_nessos,
          uniq_josephine
Lair:5:   minmay_lair_end_frog_pond, layout_gridlike,
          gammafunk_ghost_hydra_chop, chequers_serial_rivers_small_b
Swamp:1:  layout_basic_swamp, evilmike_swamp_ruin_house_6
Swamp:2:  layout_basic_swamp, evilmike_swamp_ruin_house_4, swamp_pool1,
          st_swamp_ruins_2
Swamp:3:  layout_basic_swamp, evilmike_swamp_ruin_house_2,
          infiniplex_staircase_pool
Swamp:4:  swamp_pestilence, layout_basic_swamp, basic_altar, swamp_pool1,
          uniq_mlioglotl, uniq_nikola
Snake:1:  layout_rooms, nicolae_large_snake_swirl
Snake:2:  layout_misc_corridors, serial_shops, freezing_bzr
Snake:3:  layout_cave_town
Snake:4:  johnstein_snake_rune_scales, layout_cave_town, grunt_megastairs_5,
          minmay_shop_star
Orc:1:    layout_diamond_mine, basic_altar, serial_shops, shop,
          nicolae_diamond_shop
Orc:2:    kennysheep_orc_mage_school, layout_diamond_mine, uniq_jorgrun
Elf:1:    layout_geoelf_octagon, serial_shops, shop, minmay_elf_demonology,
          glass_columns_c, uniq_aizul
Elf:2:    nicolae_elf_blades_crystal_corner, layout_geoelf_diagonals,
          basic_altar, uniq_donald
Elf:3:    grunt_elf_hall_spiral, layout_geoelf_octagon, serial_shops, shop
Vaults:1: hangedman_vaults_river_flow, v_pattern_1, hangedman_vaults_stitches,
          hangedman_vaults_cutoff, nicolae_vaults_little_ls,
          nicolae_vaults_hallways_thing, ontoclasm_vaults_fault,
          vaults_room_stairs_pillars, v_misc_2, hangedman_vaults_trim,
          dpeg_vaults_waves, nicolae_vaults_ring_of_whatevers,
          ontoclasm_vaults_ring_small, layout_vaults_maze_snakey
Vaults:2: nicolae_vaults_statue_guard, vaults_dpeg_ring, hangedman_vaults_nails,
          hangedman_vaults_corner_blocks, vaults_room_stairs_pillars,
          vaults_room_hallway, v_pattern_4, ontoclasm_vaults_idyll,
          vaults_room_pools, vaults_mumra_lcd, v_misc_17,
          ontoclasm_vaults_claustrophobia, ontoclasm_vaults_chip,
          nicolae_vaults_triangles, layout_vaults_omnicross, serial_shops, shop,
          shop, nicolae_shop_window_shopping, shop, uniq_margery, uniq_xtahua
Vaults:3: gammafunk_ghost_smash, dpeg_vaults_monster_row,
          minmay_crypt_entry_simple_sparse, ontoclasm_vaults_ring_small,
          grunt_vaults_focal, hangedman_vaults_capsules, st_smaller_cells,
          vaults_mumra_hex, vaults_mumra_minichess_inversion,
          ontoclasm_vaults_twist, layout_vaults_omnigrid, serial_shops, shop
Vaults:4: grunt_vaults_twisty, v_rooms_4, ontoclasm_vaults_hangar,
          nicolae_vaults_asterisk, v_pattern_5, v_misc_2,
          grunt_vaults_hallway_short, nicolae_vaults_little_squares_4,
          ontoclasm_vaults_decontamination, nicolae_vaults_theta,
          layout_vaults_chaotic_city, uniq_sojobo
Vaults:5: uniq_mennas
Crypt:1:  layout_chaotic_city, infiniplex_enter_wizlab_spiral,
          nicolae_crypt_crumbling_hall, grunt_megastairs_2
Crypt:2:  layout_gridlike, ebering_ghost_disaster_area, minivault_27,
          st_stairs_5, lemuel_elevator
Crypt:3:  cryptofortress_bobbens
Tomb:1
Depths:1: layout_cave_shapes, grunt_hell_horde, abyss_entry_flame_altar,
          serial_rivers, chequers_serial_rivers_small_3,
          chequers_serial_rivers_room_b, chequers_serial_rivers_small_b,
          chequers_serial_rivers_micro_c, chequers_serial_rivers_micro_e,
          chequers_serial_rivers_small_b, serial_shops,
          nicolae_shop_hallway_stairs, minmay_misc_feat_four_crosses,
          lightli_gold_pyramid
Depths:2: hangedman_box_tower, layout_basic, ebering_ghost_inner_flame,
          chequers_serial_rivers_small_b, rand_demon_pan_entry_5,
          pf_dread_powers_of_hell, uniq_saint_roka
Depths:3: dreamdust_experimentation, layout_cave_shapes, enter_ziggurat_c,
          abyss_entry, pf_hell_entry_tar_river, serial_shops,
          kennysheep_little_box, minmay_misc_feat_rows,
          nrook_kobold_shadow_demons, infiniplex_staircase_split_hallway,
          serial_bayou_shore_a, grunt_megastairs_1, serial_bayou_shore_b,
          serial_bayou_shore_b, firewood_loft
Depths:4: evilmike_zot_entry_basic, layout_small_grid, abyss_entry,
          pf_coc_iceberg, nicolae_shop_fire_sale [nicolae_sub_dead_trees],
          serial_bayou_shore_b
Zot:1:    hangedman_zot_vaults_quadrants, layout_onion, uniq_vv
Zot:2:    layout_onion, gammafunk_ghost_split
Zot:3:    layout_misc_corridors, st_single_dragon_hoard_1
Zot:4:    layout_onion, drop_trap, uniq_josephina

Skill      XL: |  1  2  3  4  5  6  7  8  9 10 11 12 13 14 15 16 17 18 19 20 21 22 23 24 25 26 27 |
---------------+----------------------------------------------------------------------------------+-----
Earth Magic    | 4 5 7 9 11 12 14 15 17 18 19 20 22 23 24 26 27 | 27.0
Transmutations | 1 2 |  2.0
Fighting       | 1 2 4 5 6 7 9 10 | 10.0
Armour         | 1 2 3 5 6 7 8 9 13 15 17 18 | 18.0
Dodging        | 2 4 5 6 7 8 9 |  9.0
Maces & Flails | 1 2 3 4 5 6 7 8 |  8.0
Stealth        | 3 8 11 12 | 12.0
Conjurations   | 1 2 3 4 6 8 9 10 11 12 13 14 15 16 17 18 20 22 23 25 26 27 | 27.0
Evocations     | 1 2 3 |  3.0
Ranged Weapons | 1 2 3 4 5 6 8 |  8.0
Spellcasting   | 3 4 6 7 8 9 10 11 12 13 14 15 16 17 18 19 20 23 | 23.0
Throwing       | 1 2 |  2.0
Long Blades    | 1 |  1.0
Air Magic      | 2 3 4 |  4.0
Poison Magic   | 2 3 |  3.0
Translocations | 2 3 4 |  4.0
Ice Magic      | 3 4 |  4.0
Shields        | 3 5 7 9 |  9.0
Fire Magic     | 2 3 |  3.0
Staves         | 3 6 |  6.3

Action                   |  1- 3 |  4- 6 |  7- 9 | 10-12 | 13-15 | 16-18 | 19-21 | 22-24 | 25-27 || total
-------------------------+-------+-------+-------+-------+-------+-------+-------+-------+-------++-------
Melee: Spear             |    42 |       |       |       |       |       |       |       |       ||    42
       Mace              |    35 |    31 |     3 |     8 |    11 |       |       |    24 |    36 ||   148
       Falchion          |       |       |       |    12 |       |       |       |       |       ||    12
       Morningstar       |       |       |       |       |    20 |    39 |    46 |       |       ||   105
       Staff             |       |       |       |       |       |       |       |       |     6 ||     6
 Fire: Sling             |       |    36 |    96 |   108 |   126 |   142 |    85 |    33 |       ||   626
       Arbalest          |       |       |       |    30 |    34 |       |       |       |       ||    64
       Hand crossbow     |       |       |       |       |       |       |       |       |   181 ||   181
Throw: Dart              |     6 |     9 |     4 |       |     3 |       |       |       |       ||    22
       Stone             |     2 |       |       |       |       |       |       |       |       ||     2
       Throwing net      |       |       |       |       |     3 |       |       |       |       ||     3
 Cast: Sandblast         |    21 |    53 |   107 |   111 |   102 |     4 |       |       |       ||   398
       Stone Arrow       |       |       |    39 |   228 |   760 |   642 |    25 |     4 |     1 ||  1699
       Passwall          |       |       |     2 |       |       |     2 |       |       |       ||     4
       Poisonous Vapours |       |       |       |     5 |    29 |    27 |     7 |     2 |     6 ||    76
       Freezing Cloud    |       |       |       |       |     9 |    70 |    32 |    10 |    15 ||   136
       Iskenderun's Myst |       |       |       |       |     3 |     3 |       |       |       ||     6
       Lightning Bolt    |       |       |       |       |     1 |     3 |       |       |       ||     4
       Lehudib's Crystal |       |       |       |       |       |   118 |   140 |   148 |   168 ||   574
       Iron Shot         |       |       |       |       |       |    30 |   474 |   507 |   628 ||  1639
       Shatter           |       |       |       |       |       |       |     7 |    31 |    25 ||    63
       Lee's Rapid Decon |       |       |       |       |       |       |       |    47 |    10 ||    57
       Petrify           |       |       |       |       |       |       |       |     1 |     1 ||     2
Evoke: Wand              |       |       |     1 |     3 |     4 |     1 |     2 |     1 |     3 ||    15
       Phantom mirror    |       |       |       |       |     1 |       |       |     1 |       ||     2
       Tin of tremorston |       |       |       |       |       |       |     3 |     4 |     2 ||     9
       Condenser vane    |       |       |       |       |       |       |     1 |     3 |       ||     4
       Lightning rod     |       |       |       |       |       |       |     4 |     1 |     8 ||    13
  Use: Scroll            |     3 |     2 |     7 |    11 |    14 |    10 |    10 |    12 |    13 ||    82
       Potion            |       |     1 |     3 |     1 |     9 |     3 |     5 |     8 |     4 ||    34
 Stab: Sleeping          |     6 |       |       |       |       |       |       |       |       ||     6
Armor: Robe              |     9 |       |       |    60 |   100 |       |       |       |       ||   169
       Leather armour    |    21 |    28 |    54 |    10 |    86 |   149 |    97 |    36 |       ||   481
       Ring mail         |       |       |       |       |       |       |       |   171 |   342 ||   513
Dodge: Dodged            |    61 |    59 |    52 |    74 |   191 |   174 |    85 |   151 |   303 ||  1150
Block: Other             |       |       |       |    30 |    41 |       |       |       |       ||    71
       Reflection        |       |       |       |     4 |    16 |    34 |    28 |    12 |    14 ||   108
       Buckler           |       |       |       |       |   133 |   197 |    88 |   140 |   326 ||   884

Table legend: (Time is in decaauts)
 A = Elapsed time spent in this place.
 B = Non-inter-level travel time spent in this place.
 C = Inter-level travel time spent in this place.
 D = Time resting spent in this place.
 E = Time spent auto-exploring this place.
 F = Levels seen in this place.
 G = Mean time per level.
                   A        B        C        D        E       F      G
               +--------+--------+--------+--------+--------+-----+--------+
         Total | 104080 |  97024 |   7056 |  38845 |  40029 |  57 | 1826.0 |
       Dungeon |  23122 |  21233 |   1889 |   5792 |  11335 |  15 | 1541.5 |
        Temple |    196 |    170 |     26 |      0 |    167 |   1 |  196.0 |
          Lair |  10701 |   9754 |    947 |   3798 |   4449 |   5 | 2140.2 |
         Swamp |   5610 |   5328 |    282 |   2460 |   2037 |   4 | 1402.5 |
     Snake Pit |   7188 |   6987 |    201 |   3145 |   2678 |   4 | 1797.0 |
  Orcish Mines |   3231 |   2863 |    368 |   1272 |   1064 |   2 | 1615.5 |
   Elven Halls |   6169 |   5646 |    523 |   2425 |   1739 |   3 | 2056.3 |
        Vaults |  17119 |  15271 |   1848 |   6851 |   6180 |   5 | 3423.8 |
         Crypt |   7454 |   7152 |    302 |   2867 |   2960 |   3 | 2484.7 |
          Tomb |   1915 |   1708 |    207 |    670 |    362 |   1 | 1915.0 |
        Depths |   9993 |   9706 |    287 |   4148 |   4142 |   4 | 2498.2 |
           Zot |   6336 |   6162 |    174 |   2885 |   2024 |   4 | 1584.0 |
        Bazaar |    104 |    104 |      0 |      0 |      0 |   1 |  104.0 |
         Trove |     55 |     55 |      0 |      0 |      0 |   1 |   55.0 |
         Sewer |    409 |    409 |      0 |    170 |    127 |   1 |  409.0 |
        Bailey |    610 |    610 |      0 |    227 |     93 |   1 |  610.0 |
      Ice Cave |   2041 |   2041 |      0 |   1069 |    529 |   1 | 2041.0 |
        Wizlab |   1819 |   1819 |      0 |   1064 |    142 |   1 | 1819.0 |
               +--------+--------+--------+--------+--------+-----+--------+

Top non-repeatable levels by time:
Vaults:4: 4569 daAuts
Vaults:3: 4509 daAuts
Vaults:1: 3570 daAuts
 Snake:4: 3286 daAuts
Depths:2: 3215 daAuts
Depths:4: 3002 daAuts
   Zot:1: 2876 daAuts
    D:15: 2778 daAuts
Vaults:2: 2761 daAuts
 Crypt:3: 2640 daAuts
  Lair:4: 2500 daAuts
 Crypt:1: 2497 daAuts
Depths:3: 2450 daAuts
   Elf:2: 2389 daAuts
   Elf:3: 2344 daAuts
